 Dungeon Crawl Stone Soup version 0.24.0-3-g28a8eb0610 (webtiles) character file.

Game seed: 11317727345221805559, levelgen mode: deterministic

702383 Thantalas the Hoplite (level 27, -44/288 HPs)
             Began as a Gnoll Fighter on Nov 1, 2019.
             Was the Champion of Cheibriados.
             Killed from afar by an ancient lich (65 damage)
             ... with a crystal spear
             ... on level 5 of the Realm of Zot.
             The game lasted 04:30:50 (69016 turns).

Thantalas the Hoplite (Gnoll Fighter)              Turns: 69016, Time: 04:30:51

Health: -44/288    AC: 34    Str: 47    XL:     27
Magic:  37/41      EV: 32    Int: 30    God:    Cheibriados [******]
Gold:   11167      SH: 27    Dex: 27    Spells: 8/63 levels left

rFire    + + +     SeeInvis +   a - +9 demon trident (elec)
rCold    + + +     Gourm    .   K - +2 shield of Resistance {rF+ rC+ MR+}
rNeg     + + +     Faith    .   (armour currently unavailable)
rPois    ∞         Spirit   .   L - -1 helmet "Oheib" {rCorr Str+5 Dex-2 Slay+2}
rElec    +         Reflect  +   i - scarf {rC+ rF+}
rCorr    +         Harm     .   (gloves currently unavailable)
MR       ++++.     Rnd*Tele +   (boots currently unavailable)
Stlth    ++++++++..             w - +5 amulet of reflection
HPRegen  1.58/turn              s - ring of the Foremost Lovers {rN+ MR+ Int+2 Dex-4 SInv}
MPRegen  0.27/turn              e - ring of Geec {*Contam rF+ rC+++ rN+ Slay+2}

@: brilliant, about to teleport, statue-form, marked, aura of abjuration,
regenerating, slowed, studying 2 skills, very slow
A: distributed training, fangs 1, deterioration 1, dopey 2, low mp 1,
teleportitis 1, strong nose
}: 5/15 runes: decaying, slimy, silver, abyssal, gossamer
a: End Transformation, Bend Time, Temporal Distortion, Slouch, Step From Time,
Renounce Religion


You were on level 5 of the Realm of Zot.
You worshipped Cheibriados.
Cheibriados was exalted by your worship.
You were not hungry.
You were a stone statue.
You visited 12 branches of the dungeon, and saw 58 of its levels.
You visited the Abyss 1 time.
You also visited: Ice Cave.

You collected 11965 gold pieces.
You spent 798 gold pieces at shops.

Inventory:

Hand Weapons
 a - a +9 demon trident of electrocution (weapon)
   (You took it off Louise on level 3 of the Spider Nest)
 b - a +9 demon trident of freezing
   (You took it off Donald on level 1 of the Spider Nest)
Missiles
 p - 7 throwing nets {!f}
 C - 7 silver javelins (quivered)
Armour
 i - a scarf of resistance (worn)
   (You found it on level 4 of the Spider Nest)
 o - a +2 pair of gloves of strength (melded)
   (You found it on level 3 of the Crypt)
 J - the +3 chain mail of the Leaf (melded) {*Slow Int+7}
   (You found it on level 2 of the Depths)

   It affects your intelligence (+7).
   It may slow you when you take damage.
 K - the +2 shield of Resistance (worn) {rF+ rC+ MR+}
   (You found it on level 5 of the Vaults)

   It protects you from fire.
   It protects you from cold.
   It affects your resistance to hostile enchantments.
 L - the -1 helmet "Oheib" (worn) {rCorr Str+5 Dex-2 Slay+2}
   (You found it on level 2 of the Crypt)

   It affects your strength (+5).
   It affects your dexterity (-2).
   It affects your accuracy and damage with ranged weapons and melee attacks
   (+2).
   It provides partial protection from all sources of acid and corrosion.
 Y - the +2 pair of boots "Rurocuh" (melded) {rPois}
   (You found it on level 3 of the Elven Halls)

   It protects you from poison.
Jewellery
 e - the ring of Geec (right hand) {*Contam rF+ rC+++ rN+ Slay+2}
   (You took it off a deep elf annihilator on level 5 of the Vaults)

   [ring of positive energy]

   It affects your accuracy and damage with ranged weapons and melee attacks
   (+2).
   It protects you from fire.
   It renders you almost immune to cold.
   It protects you from negative energy.
   It causes magical contamination when unequipped.
 l - an uncursed ring of protection from magic
   (You found it on level 5 of the Pits of Slime)
 s - the ring of the Foremost Lovers (left hand) {rN+ MR+ Int+2 Dex-4 SInv}
   (You took it off a deep elf demonologist on level 3 of the Elven Halls)

   [ring of see invisible]

   It affects your intelligence (+2).
   It affects your dexterity (-4).
   It protects you from negative energy.
   It affects your resistance to hostile enchantments.
   It lets you see invisible.
 w - a +5 amulet of reflection (around neck)
   (You found it on level 3 of the Elven Halls)
Wands
 c - a wand of disintegration (31)
   (You found it on level 4 of the Spider Nest)
 d - a wand of iceblast (61)
   (You found it on level 2 of the Lair of Beasts)
 u - a wand of paralysis (38)
   (You found it on level 3 of the Depths)
 v - a wand of digging (11)
   (You found it on level 6 of the Lair of Beasts)
 x - a wand of acid (51)
   (You found it on level 5 of the Lair of Beasts)
Scrolls
 j - 29 scrolls of teleportation {@r4}
 k - 3 scrolls of identify {@r1}
 y - 2 scrolls of holy word
 z - a scroll of enchant armour
 B - 4 scrolls of blinking
 D - 8 scrolls of fog
 H - 2 scrolls of amnesia
 S - 27 scrolls of remove curse {@r2}
 V - 9 scrolls of fear
Potions
 g - 4 potions of cancellation
 h - 23 potions of curing {@q1}
 M - 7 potions of magic
 O - 8 potions of ambrosia
 P - 3 potions of heal wounds {@q2}
 T - 5 potions of flight
 W - 3 potions of lignification {!q}
 Z - 4 potions of might
Books
 q - a manual of Shields {!d}
   (You found it on level 3 of the Elven Halls)
 Q - a manual of Evocations {!d}
   (You found it on level 4 of the Realm of Zot)
Miscellaneous
 A - a lamp of fire (inert)
   (You found it on level 2 of the Vaults)
 I - a lightning rod (4/4) {!a}
   (You found it on level 5 of the Depths)
Comestibles
 f - 96 rations {!d}


   Skills:
 + Level 19.3 Fighting
 + Level 18.5 Short Blades
 + Level 18.5 Long Blades
 + Level 18.5 Axes
 + Level 18.5 Maces & Flails
 + Level 18.9 Polearms
 + Level 18.5 Staves
 + Level 18.5 Slings
 + Level 18.5 Bows
 + Level 18.5 Crossbows
 + Level 18.5 Throwing
 + Level 19.3 Armour
 + Level 18.5 Dodging
 + Level 18.5 Stealth
 + Level 21.2 Shields
 + Level 18.5 Unarmed Combat
 + Level 18.5 Spellcasting
 + Level 16.0 Conjurations
 + Level 16.0 Hexes
 + Level 16.0 Charms
 + Level 16.0 Summonings
 + Level 16.0 Necromancy
 + Level 16.0 Translocations
 + Level 16.0 Transmutations
 + Level 16.0 Fire Magic
 + Level 16.0 Ice Magic
 + Level 16.0 Air Magic
 + Level 16.0 Earth Magic
 + Level 16.0 Poison Magic
 + Level 19.9 Invocations
 + Level 19.6 Evocations


You had 8 spell levels left.
You knew the following spells:

 Your Spells              Type           Power        Failure   Level  Hunger
a - Summon Butterflies    Summ           #######.     0%          1    None
b - Blink                 Tloc           N/A          0%          2    None
c - Magic Dart            Conj           ####         0%          1    None
d - Iron Shot             Conj/Erth      #######...   1%          6    None
g - Apportation           Tloc           ######       0%          1    None
q - Aura of Abjuration    Summ           #######...   1%          5    None
r - Deflect Missiles      Chrm/Air       #######...   1%          6    None
u - Statue Form           Tmut/Erth      #######..    1%          6    None
z - Ignition              Fire           #######...   1%          8    #####..
A - Borgnjor's Vile Clut  Necr/Erth      #######...   1%          5    None
B - Summon Lightning Spi  Summ/Air       #######.     0%          4    None
D - Spellforged Servitor  Conj/Summ      #######...   1%          7    ####...
K - Regeneration          Chrm/Necr      #######...   0%          3    None

Your spell library contained the following spells:

 Spells                   Type           Power        Failure   Level  Hunger
 Animate Skeleton         Necr           N/A          0%          1    None
 Beastly Appendage        Tmut           ######       0%          1    None
 Confusing Touch          Hex            ######       0%          1    None
 Corona                   Hex            #######      0%          1    None
 Flame Tongue             Conj/Fire      #####        0%          1    None
 Freeze                   Ice            ####         0%          1    None
 Infusion                 Chrm           ####         0%          1    None
 Pain                     Necr           ####         0%          1    None
 Sandblast                Erth           ######       0%          1    None
 Shock                    Conj/Air       ####         0%          1    None
 Sting                    Conj/Pois      ####         0%          1    None
 Summon Small Mammal      Summ           ####         0%          1    None
 Call Imp                 Summ           #######.     0%          2    None
 Corpse Rot               Necr           N/A          0%          2    None
 Ensorcelled Hibernation  Hex/Ice        ######       0%          2    None
 Passwall                 Tmut/Erth      #######.     0%          2    None
 Poisonous Vapours        Pois/Air       ######       0%          2    None
 Searing Ray              Conj           ######       0%          2    None
 Shroud of Golubria       Chrm/Tloc      ######       0%          2    None
 Slow                     Hex            #######.     0%          2    None
 Song of Slaying          Chrm           #######.     0%          2    None
 Sublimation of Blood     Necr           #######...   0%          2    None
 Swiftness                Chrm/Air       #######.     0%          2    None
 Throw Flame              Conj/Fire      ######       0%          2    None
 Throw Frost              Conj/Ice       ######       0%          2    None
 Call Canine Familiar     Summ           #######.     0%          3    None
 Confuse                  Hex            #######.     0%          3    None
 Conjure Flame            Conj/Fire      #######.     0%          3    None
 Dazzling Spray           Conj/Hex       ######       0%          3    None
 Gell's Gravitas          Tloc           #######...   0%          3    None
 Ignite Poison            Fire/Tmut/Pois #######.     0%          3    None
 Inner Flame              Hex/Fire       #######.     0%          3    None
 Lesser Beckoning         Tloc           #######...   0%          3    None
 Mephitic Cloud           Conj/Pois/Air  #######.     0%          3    None
 Ozocubu's Armour         Chrm/Ice       #######.     0%          3    None
 Portal Projectile        Hex/Tloc       ######       0%          3    None
 Recall                   Summ/Tloc      N/A          0%          3    None
 Spectral Weapon          Hex/Chrm       #######.     0%          3    None
 Static Discharge         Conj/Air       #######.     0%          3    None
 Stone Arrow              Conj/Erth      ######       0%          3    None
 Summon Guardian Golem    Hex/Summ       #######.     0%          3    None
 Teleport Other           Tloc           #######.     0%          3    None
 Vampiric Draining        Necr           #######...   0%          3    None
 Airstrike                Air            #######...   0%          4    None
 Animate Dead             Necr           N/A          0%          4    None
 Cause Fear               Hex            #######...   0%          4    None
 Force Lance              Conj/Tloc      #######.     0%          4    None
 Fulminant Prism          Conj/Hex       #######...   0%          4    None
 Ice Form                 Ice/Tmut       #######.     0%          4    None
 Iskenderun's Mystic Bla  Conj           #######.     0%          4    None
 Leda's Liquefaction      Hex/Erth       #######...   0%          4    None
 Olgreb's Toxic Radiance  Pois           #######.     0%          4    None
 Petrify                  Tmut/Erth      #######.     0%          4    None
 Sticky Flame             Conj/Fire      #######.     0%          4    None
 Summon Ice Beast         Ice/Summ       #######.     0%          4    None
 Alistair's Intoxication  Tmut/Pois      #######.     1%          5    None
 Bolt of Draining         Conj/Necr      #######...   1%          5    None
 Bolt of Magma            Conj/Fire/Erth #######...   1%          5    None
 Dispel Undead            Necr           #######.     1%          5    None
 Excruciating Wounds      Chrm/Necr      #######...   1%          5    None
 Fireball                 Conj/Fire      #######...   1%          5    None
 Irradiate                Conj/Tmut      #######...   1%          5    None
 Iskenderun's Battlesphe  Conj/Chrm      #######.     1%          5    None
 Lee's Rapid Deconstruct  Erth           #######...   1%          5    None
 Lightning Bolt           Conj/Air       #######...   1%          5    None
 Metabolic Englaciation   Hex/Ice        #######...   1%          5    None
 Silence                  Hex/Air        #######...   1%          5    None
 Summon Demon             Summ           #######...   1%          5    None
 Summon Forest            Summ/Tloc      #######...   1%          5    None
 Venom Bolt               Conj/Pois      #######...   1%          5    None
 Yara's Violent Unravell  Hex/Tmut       #######...   1%          5    None
 Bolt of Cold             Conj/Ice       #######...   1%          6    None
 Bolt of Fire             Conj/Fire      #######...   1%          6    None
 Darkness                 Hex            #######...   1%          6    None
 Dispersal                Tloc           #######...   1%          6    None
 Freezing Cloud           Conj/Ice/Air   #######...   1%          6    None
 Hydra Form               Tmut           #######...   1%          6    None
 Ozocubu's Refrigeration  Ice            #######...   1%          6    None
 Shadow Creatures         Summ           N/A          1%          6    None
 Simulacrum               Ice/Necr       #######...   1%          6    None
 Orb of Destruction       Conj           #######...   1%          7    ####...
 Ring of Flames           Chrm/Fire      #######...   1%          7    ####...
 Summon Hydra             Summ           #######...   1%          7    ####...
 Controlled Blink         Tloc           N/A          1%          8    #####..
 Death's Door             Chrm/Necr      #######...   1%          8    #####..
 Discord                  Hex            #######...   1%          8    #####..
 Disjunction              Tloc           #######...   1%          8    #####..
 Shatter                  Erth           #######...   22%         9    #######


Dungeon Overview and Level Annotations

Branches:
Dungeon (15/15)            Temple (1/1) D:7            Lair (6/6) D:10
  Swamp (4/4) Lair:2       Spider (4/4) Lair:4        Slime (5/5) Lair:6
    Orc (2/2) D:9             Elf (3/3) Orc:2        Vaults (5/5) D:13
  Crypt (3/3) Vaults:3       Tomb (0/3) Crypt:3      Depths (5/5) D:15
    Zot (5/5) Depths:5      IceCv (visited)

Altars:
Ashenzari
Cheibriados
Dithmenos
Elyvilon
Fedhas
Gozag
Hepliaklqana
Kikubaaqudgha
Makhleb
Nemelex Xobeh
Okawaru
Qazlal
Ru
Sif Muna
Trog
Uskayaw
Vehumet
Wu Jian
Xom
Yredelemnul
Zin
The Shining One
Beogh

Shops:
Orc:1 *   Orc:2 [(*(   Vaults:1 [   Vaults:5 *   Depths:4 [((

Portals:
Hell: Depths:1 Depths:2 Depths:3 Depths:4 Depths:5
Abyss: Depths:4
Pandemonium: Depths:1 Depths:2 Depths:3 Depths:5
Ziggurat: Depths:1

Annotations:
D:9 3 runed translucent doors, Mrkan's ghost, novice MiAK
Lair:4 1 runed translucent door, Ceyroiss's ghost, journeyman HuWn
Slime:5 exclusion: 2 upstairs
Zot:5 1 exclusion


Innate Abilities, Weirdness & Mutations

Your experience applies equally to all skills.
You have very sharp teeth.
Your uncanny sense of smell can sniff out nearby items.
((You are partially covered in yellow scales. (AC +2)))
Your body sometimes deteriorates upon taking damage.
You are very dopey. (Int -4)
Your magical capacity is low. (-10% MP)
You are occasionally teleported next to monsters.


Message History

The Executioner hits you but does no damage.
The Executioner closely misses you.
The smoke demon completely misses you. x2
The smoke demon misses you.
The ancient lich touches you but does no damage.
An ancient lich comes into view.
An Orb Guardian comes into view.
The ancient lich casts a spell at you. The crystal spear hits you!
* * * LOW HITPOINT WARNING * * *
The smoke demon hits you but does no damage.
The smoke demon misses you.
The smoke demon hits you but does no damage.
The shadow dragon is engulfed in a cloud of scalding steam.
The shadow dragon breathes negative energy at you.
The bolt of negative energy misses the smoke demon.
The bolt of negative energy misses you.
A yellow draconian comes into view. It is wielding a +0 glaive.
You feel clever all of a sudden.
You block the Executioner's attack. x3; The Executioner completely misses you. x2
The Executioner misses you.
The Executioner hits you but does no damage.
The Executioner misses you. The Executioner completely misses you.
The ancient lich touches you but does no damage.
The ancient lich gestures at you while chanting.
The bolt of fire misses you.
An Orb Guardian comes into view.
The Executioner hits you but does no damage.
The Executioner misses you. The Executioner completely misses you.
The ancient lich gestures at you while chanting.
You resist with almost no effort.
A purple draconian scorcher comes into view.
It is wielding a +0 dagger.
The ancient lich closely misses you.
The Executioner hits you but does no damage.
The Executioner barely misses you.
The Executioner hits you but does no damage.
The Orb Guardian disappears!
The Killer Klown blinks!
The ancient lich closely misses you.
A green draconian comes into view. It is wielding a -1 flail.
You begin to abjure the creatures around you!
The Executioner disappears in a puff of smoke!
An Orb Guardian comes into view.
The ancient lich points at you and mumbles some strange words.
The crystal spear hits you!!!
* * * LOW HITPOINT WARNING * * *
An Orb Guardian comes into view.
The ancient lich touches you but does no damage.
The Orb Guardian disappears!
The ancient lich casts a spell at you. The crystal spear hits you!!!
You die...

▓▓▓▓▓▓▓▓▓▓▓▓▓▓▓
***▓.....8L..$...▓▓▓*
**,.......L*.........▓▓▓
**,,^...)..3.q........(.▓▓
*,,,.......q...§....qXL.^▓ *
*,,,......L...Dp.........▓**
**,,.......d.^...X..*Xq..▓*,
**,.Xq....d......X.dp3..▓..
**.....d...)......D.......
**,,....................▓.,


You could see an orb of fire, a Killer Klown, a shadow dragon, a yellow
draconian knight (invisible), 3 ancient liches, a yellow draconian, a green
draconian, a white draconian, 3 Orb Guardians, 2 draconians and a smoke demon.

Vanquished Creatures
  the Royal Jelly (Slime:5)
  5 ancient liches
  Mara (Swamp:4)
  An orb of fire (Zot:4)
  The ghost of wilo the Conqueror, a master MfBe of Trog (Zot:4)
  Sojobo (Depths:2)
  Bai Suzhen (Swamp:4)
  A shard shrike (Zot:4)
  5 Killer Klowns
  the Lernaean hydra (Swamp:4)
  Margery (Depths:2)
  A curse toe (Zot:3)
  A caustic shrike (Depths:2)
  13 golden dragons
  Nikola (Swamp:3)
  The ghost of Waammiq the Devastator, a veteran GrEE of Lugonu (Crypt:2)
  2 electric golems
  Jorgrun (Swamp:3)
  4 liches
  15 tentacled monstrosities
  9 Orb Guardians (Zot:5)
  The ghost of Essege the Arsonist, an adept DrCj of Vehumet (Spider:2)
  3 deep elf blademasters
  The ghost of Suryr the Thaumaturge, an adept GnWz of Sif Muna (Swamp:2)
  A deep elf master archer (Elf:3)
  18 acid blobs
  A titan (Vaults:5)
  8 quicksilver dragons
  8 death cobs
  2 tentacled starspawn (Abyss:4)
  5 sphinxes
  Agnes (Spider:1)
  5 ancient champions
  The ghost of Gokhumny the Blocker, an adept GnFi of Okawaru (Swamp:2)
  Donald (Spider:1)
  9 storm dragons
  4 tengu reavers
  A thorn hunter (Swamp:4)
  The ghost of Matygoc the Slicer, an adept HaSk of Okawaru (Swamp:2)
  8 shadow dragons
  3 revenants
  The ghost of Keoguots the Thaumaturge, an adept GnSk of Makhleb (Swamp:2)
  5 draconian monks (Depths:5)
  10 fire giants
  9 vault wardens
  A draconian knight (Zot:1)
  5 emperor scorpions
  10 azure jellies
  14 frost giants
  A juggernaut zombie (Crypt:2)
  6 draconian scorchers
  3 curse skulls
  2 orc warlords (Orc:2)
  3 cacodemons
  11 deep elf sorcerers
  A draconian shifter (Zot:4)
  Louise (Spider:3)
  4 draconian stormcallers
  5 ghost moths
  The ghost of Dirphi Vium the Fighter, a journeyman MiBe of Trog (D:13)
  3 spriggan defenders
  18 ironheart preservers
  5 draconian annihilators
  3 war gargoyles
  2 reapers
  22 very ugly things
  5 ghouls
  2 entropy weavers
  11 vampire knights
  8 deep elf demonologists
  12 stone giants
  7 black draconians
  12 green draconians
  The ghost of Bolunijamo the Blocker, a journeyman GnFi of Okawaru (Lair:5)
  15 ettins
  9 red draconians
  9 spark wasps
  8 purple draconians
  14 white draconians
  5 yellow draconians
  The ghost of peeb the Fighter, a journeyman KoBe of Trog (Orc:2)
  10 deep elf annihilators
  11 deep elf death magi
  8 fire dragons
  Snorg (Orc:2)
  An eidolon (Crypt:2)
  Josephine (Lair:5)
  8 death oozes (Slime:5)
  11 jiangshi
  28 vault guards
  15 yaktaur captains
  4 deep elf high priests
  9 rakshasas
  18 ogre magi
  A quicksilver dragon skeleton (Crypt:3)
  19 great orbs of eyes
  5 spriggan air magi
  9 ice dragons
  Harold (D:7)
  A merfolk avatar (Lair:6)
  6 centaur warriors
  A ghost crab (Swamp:2)
  24 hydras
  A caustic shrike simulacrum (Depths:5)
  A two-headed ogre (shapeshifter) (Depths:5)
  6 death knights
  2 tengu warriors
  18 two-headed ogres
  29 dancing weapons
  18 alligators
  10 deep troll earth magi
  7 deep troll shamans
  2 orc high priests
  3 thrashing horrors (Abyss:4)
  8 death scarabs (Spider:4)
  4 spriggan berserkers
  Urug (Orc:2)
  5 small abominations
  A storm dragon zombie (Crypt:3)
  7 vampire magi
  5 hell knights (Depths:2)
  2 soul eaters (Crypt:2)
  21 deep elf knights
  A spectral emperor scorpion (Spider:4)
  12 skeletal warriors
  4 wretched stars
  5 iron trolls
  7 shadow wraiths
  6 glowing orange brains
  24 deep trolls
  12 large abominations
  3 unseen horrors
  16 flayed ghosts
  A golden dragon skeleton (Depths:5)
  3 lindwurms
  An unseen horror (shapeshifter) (Vaults:2)
  6 starcursed masses (Abyss:4)
  6 harpies
  20 phantasmal warriors
  3 spectral wolf spiders (Spider:4)
  4 death drakes (Depths:5)
  9 wizards
  2 wolf spider zombies (Spider:4)
  16 swamp dragons
  12 ironbrand convokers
  11 deep elf archers
  6 necromancers
  70 deep elf magi
  39 wolf spiders
  19 orc knights
  A shining eye (shapeshifter) (Depths:2)
  17 orb spiders
  An orb spider (shapeshifter) (Vaults:4)
  2 manticores
  32 ugly things
  5 orc sorcerers
  5 cyclopes
  A shadow dragon skeleton (Crypt:3)
  An oklob plant (D:10)
  3 shining eyes
  16 moths of wrath
  An iron dragon skeleton (Crypt:3)
  A stone giant skeleton (Vaults:4)
  16 elephants
  7 fire giant skeletons (Crypt:3)
  A frost giant skeleton (Crypt:3)
  A guardian serpent (shapeshifter) (Vaults:5)
  An orange demon (Abyss:2)
  4 black mambas
  2 ice statues (IceCv)
  2 eyes of devastation
  3 smoke demons (Abyss:4)
  26 spiny frogs
  An emperor scorpion zombie (Crypt:3)
  A naga mage (Depths:3)
  10 vault sentinels
  4 torpor snails
  A rust devil (Depths:5)
  An elephant slug zombie (Crypt:1)
  2 hellions (Zot:3)
  4 spectral redbacks (Spider:4)
  8 gargoyles
  3 spiny frogs (shapeshifter)
  5 rime drakes
  A human zombie (Vaults:4)
  A komodo dragon (shapeshifter) (D:15)
  41 yaktaurs
  A tengu conjurer (Depths:1)
  2 efreet (Zot:3)
  17 freezing wraiths
  12 komodo dragons
  A yaktaur (shapeshifter) (Depths:1)
  3 queen bees (shapeshifter)
  20 demonic crawlers
  A black draconian skeleton (Crypt:2)
  A polar bear (shapeshifter) (Depths:2)
  A queen bee (D:13)
  7 tyrant leeches
  6 meliai
  A spectral tarantella (Spider:4)
  2 wind drakes (Depths:5)
  36 jumping spiders
  28 hornets
  A jumping spider zombie (Spider:4)
  5 spectral jumping spiders (Spider:4)
  Prince Ribbit (D:6)
  8 trolls
  22 blink frogs
  71 slime creatures
  2 polar bears (Lair:6)
  A harpy skeleton (Crypt:3)
  6 raiju (Abyss:4)
  3 tarantella zombies (Spider:4)
  5 bog bodies
  A slime creature (shapeshifter) (D:15)
  A hornet (shapeshifter) (D:15)
  6 dream sheep
  9 hippogriffs
  A fire giant simulacrum (Vaults:3)
  4 flying skulls (Crypt:1)
  40 tarantellas
  5 wyverns
  An ettin skeleton (Vaults:4)
  12 wraiths
  53 redbacks
  10 shadows
  10 fire dragon skeletons (Crypt:3)
  4 air elementals
  4 vampires
  11 spriggans
  2 basilisks
  3 fire elementals
  4 hogs (D:7)
  A human (D:7)
  55 yaks
  2 water elementals
  6 vampire mosquitoes
  A steam dragon (D:11)
  4 hungry ghosts
  A yaktaur simulacrum (Vaults:4)
  Grum (D:8)
  A spatial vortex (Abyss:4)
  9 insubstantial wisps
  17 swamp worms
  A soldier ant (shapeshifter) (Vaults:2)
  17 water moccasins
  An acid dragon (D:12)
  7 wargs
  A soldier ant (D:14)
  2 hydra simulacra (Zot:4)
  22 swamp drakes
  2 spectral hornets (Spider:4)
  A water nymph skeleton (Crypt:1)
  60 orc warriors
  A merfolk skeleton (Crypt:2)
  5 floating eyes
  6 porcupines
  A black bear (D:12)
  5 sky beasts
  3 phantoms
  5 eyes of draining
  26 ice beasts
  A black bear (shapeshifter) (D:15)
  A wolf (shapeshifter) (Vaults:5)
  14 boggarts
  7 necrophages
  2 snapping turtle skeletons (Crypt:3)
  13 wolves
  39 ogres
  8 centaurs
  9 crocodiles
  2 big kobolds
  16 bullfrogs
  Blork the orc (D:6)
  A gnoll sergeant (D:7)
  2 earth elementals
  A wyvern skeleton (D:6)
  7 scorpions
  A troll zombie (Crypt:1)
  26 killer bees
  6 howler monkeys
  A warg skeleton (Crypt:1)
  5 wights
  2 electric eels (Spider:2)
  A wolf zombie (Crypt:1)
  8 crimson imps
  3 bullfrog zombies
  A quasit (D:10)
  A centaur zombie (D:11)
  A wolf skeleton (Crypt:1)
  A hound (D:8)
  33 orc priests
  11 jellies
  2 bullfrog skeletons
  An iron imp (Depths:4)
  4 centaur skeletons
  4 iguanas
  38 orc wizards
  15 worker ants
  A hound zombie (D:8)
  2 hound skeletons
  2 worker ant zombies (D:8)
  Robin (D:4)
  A howler monkey skeleton (Crypt:2)
  13 adders
  14 gnolls
  4 shadow imps
  An ufetubus (Abyss:2)
  18 oozes
  An adder skeleton (D:9)
  2 adder zombies
  A halfling skeleton (Crypt:2)
  5 worms
  4 dart slugs
  7 leopard geckos
  144 orcs
  11 bats
  8 giant cockroaches
  20 goblins
  11 hobgoblins
  4 jackals (D:3)
  5 quokkas
  A frilled lizard (D:3)
  A jackal skeleton (D:4)
  A jackal zombie (Crypt:2)
  21 kobolds
  A leopard gecko skeleton (D:9)
  A leopard gecko zombie (D:5)
  2 quokka skeletons
  11 rats
  A bush (D:8)
  6 crawling corpses
  2 plants (D:10)
  A starspawn tentacle (Abyss:4)
2634 creatures vanquished.

Vanquished Creatures (collateral kills)
  An ancient lich (Crypt:1)
  A tentacled monstrosity (Zot:3)
  An Orb Guardian (Zot:5)
  A lich (Crypt:3)
  2 titans (Vaults:5)
  3 acid blobs
  A shadow dragon (Vaults:5)
  A tengu reaver (Depths:5)
  An azure jelly (Slime:5)
  A fire giant (Vaults:5)
  A frost giant (Depths:3)
  A draconian scorcher (Zot:5)
  2 ghouls (Crypt:2)
  A cacodemon (Crypt:1)
  A very ugly thing (Depths:3)
  A war gargoyle (Crypt:3)
  2 red draconians
  A small abomination (Vaults:4)
  A deep elf annihilator (Vaults:5)
  2 eidola
  A deep elf death mage (Elf:3)
  A white draconian (Depths:5)
  A death ooze (Slime:5)
  A deep elf high priest (Vaults:5)
  A jiangshi (Crypt:1)
  A great orb of eyes (Slime:5)
  A fire dragon (Depths:3)
  2 yaktaur captains
  A hell beast (Depths:5)
  A two-headed ogre (Depths:3)
  A spriggan berserker (Depths:5)
  A phantasmal warrior (Crypt:3)
  An orb spider (Spider:2)
  A fire giant zombie (Crypt:3)
  An eye of devastation (Slime:5)
  A spiny frog (shapeshifter) (Depths:5)
  A freezing wraith (Crypt:2)
  A red devil (Depths:5)
  9 slime creatures
  6 starcursed masses (Abyss:4)
  A neqoxec (Abyss:1)
  A water moccasin (Lair:6)
  A necrophage (Crypt:2)
  2 ogres (Depths:3)
  An orc (Vaults:5)
  A starspawn tentacle (Abyss:4)
67 creatures vanquished.

Vanquished Creatures (others)
  An ancient lich (Crypt:3)
  A deep elf master archer (Elf:3)
  A draconian knight (Zot:4)
  2 fire giants (Vaults:5)
  2 curse skulls (Crypt:1)
  3 stone giants
  A deep elf annihilator (Elf:3)
  3 yaktaur captains
  A centaur warrior (Vaults:1)
  A death knight (Crypt:2)
  A vampire mage (Depths:3)
  2 deep elf knights
  A sixfirhy (Zot:5)
  A spriggan druid (Swamp:3)
  2 deep elf archers
  A cyclops (D:13)
  An elephant (Lair:6)
  2 vault sentinels
  22 yaktaurs
  A hornet (Swamp:1)
  A slime creature (Slime:3)
  A redback (Spider:1)
  A fire elemental (Zot:3)
  A swamp worm (Swamp:3)
  2 orc warriors
  2 centaurs
  A starcursed mass (Abyss:4)
  A ball lightning (Spider:1)
  A crawling corpse (Vaults:5)
  22 fungi
  17 plants
  4 starspawn tentacles (Abyss:4)
  9 withered plants (Crypt:3)
113 creatures vanquished.

Grand Total: 2814 creatures vanquished

Notes
Turn   | Place    | Note
-------+----------+-------------------------------------------
     0 | D:1      | Thantalas the Gnoll Fighter began the quest for the Orb.
     0 | D:1      | Reached XP level 1. HP: 23/23 MP: 1/1
   181 | D:1      | Reached XP level 2. HP: 29/29 MP: 2/2
   225 | D:1      | You fall into a shaft and drop 1 floor!
   385 | D:1      | Reached XP level 3. HP: 34/35 MP: 3/3
   634 | D:1      | Reached skill level 1 in Invocations
   863 | D:2      | Noticed a fire elemental
   865 | D:2      | Reached skill level 1 in Short Blades
   865 | D:2      | Reached skill level 1 in Long Blades
   865 | D:2      | Reached skill level 1 in Axes
   865 | D:2      | Reached skill level 1 in Maces & Flails
   865 | D:2      | Reached skill level 1 in Staves
   865 | D:2      | Reached skill level 1 in Slings
   865 | D:2      | Reached skill level 1 in Bows
   865 | D:2      | Reached skill level 1 in Crossbows
   865 | D:2      | Reached skill level 1 in Throwing
   865 | D:2      | Reached skill level 1 in Dodging
   865 | D:2      | Reached skill level 1 in Stealth
   865 | D:2      | Reached skill level 1 in Unarmed Combat
   865 | D:2      | Reached skill level 1 in Spellcasting
   865 | D:2      | Reached skill level 1 in Evocations
   865 | D:2      | Reached XP level 4. HP: 40/41 MP: 5/5
   868 | D:2      | Found a stormy altar of Qazlal.
   869 | D:2      | Noticed an earth elemental
   869 | D:2      | Noticed a water elemental
   869 | D:2      | Noticed an air elemental
  1294 | D:2      | Reached skill level 1 in Conjurations
  1294 | D:2      | Reached skill level 1 in Hexes
  1294 | D:2      | Reached skill level 1 in Charms
  1294 | D:2      | Reached skill level 1 in Summonings
  1294 | D:2      | Reached skill level 1 in Necromancy
  1294 | D:2      | Reached skill level 1 in Translocations
  1294 | D:2      | Reached skill level 1 in Transmutations
  1294 | D:2      | Reached skill level 1 in Fire Magic
  1294 | D:2      | Reached skill level 1 in Ice Magic
  1294 | D:2      | Reached skill level 1 in Air Magic
  1294 | D:2      | Reached skill level 1 in Earth Magic
  1294 | D:2      | Reached skill level 1 in Poison Magic
  1301 | D:2      | Reached XP level 5. HP: 24/47 MP: 6/6
  2034 | D:3      | Reached XP level 6. HP: 39/53 MP: 8/8
  2318 | D:3      | Reached skill level 5 in Polearms
  2827 | D:4      | Reached XP level 7. HP: 59/59 MP: 10/10
  3027 | D:4      | Reached skill level 7 in Shields
  3514 | D:4      | Noticed Robin
  3519 | D:4      | Killed Robin
  3598 | D:5      | Entered Level 5 of the Dungeon
  3642 | D:5      | Reached XP level 8. HP: 67/67 MP: 12/12
  3811 | D:5      | Got a shimmering short sword
  3812 | D:5      | Identified the +1 short sword of Defenestration {vamp,
                  | rElec rF+ Str+2} (You found it on level 5 of the Dungeon)
  4606 | D:6      | Noticed Prince Ribbit
  4664 | D:6      | Killed Prince Ribbit
  4664 | D:6      | Reached XP level 9. HP: 70/72 MP: 14/14
  4826 | D:6      | Noticed Blork the orc
  4839 | D:6      | Killed Blork the orc
  5096 | D:6      | Noticed a troll
  5116 | D:6      | Killed a troll
  5231 | D:7      | Found a staircase to the Ecumenical Temple.
  5241 | Temple   | Entered the Ecumenical Temple
  5421 | Temple   | Became a worshipper of Cheibriados the Contemplative
  5568 | D:7      | Got a jewelled hunting sling
  5573 | D:7      | Identified the cursed +0 hunting sling of Vopifial {speed,
                  | rF+ rN+ MR+} (You found it on level 7 of the Dungeon)
  6005 | D:7      | Noticed Harold
  6042 | D:7      | Killed Harold
  6042 | D:7      | Reached skill level 8 in Shields
  6042 | D:7      | Reached skill level 5 in Invocations
  6042 | D:7      | Reached XP level 10. HP: 46/80 MP: 15/17
  6136 | D:7      | Reached * piety under Cheibriados
  6198 | D:7      | Reached skill level 5 in Short Blades
  6198 | D:7      | Reached skill level 5 in Long Blades
  6198 | D:7      | Reached skill level 5 in Axes
  6198 | D:7      | Reached skill level 5 in Maces & Flails
  6198 | D:7      | Reached skill level 5 in Staves
  6198 | D:7      | Reached skill level 5 in Slings
  6198 | D:7      | Reached skill level 5 in Bows
  6198 | D:7      | Reached skill level 5 in Crossbows
  6198 | D:7      | Reached skill level 5 in Throwing
  6198 | D:7      | Reached skill level 5 in Dodging
  6198 | D:7      | Reached skill level 5 in Stealth
  6198 | D:7      | Reached skill level 5 in Unarmed Combat
  6198 | D:7      | Reached skill level 5 in Spellcasting
  6198 | D:7      | Reached skill level 5 in Evocations
  6342 | D:7      | Reached ** piety under Cheibriados
  6719 | D:8      | Noticed Grum
  6844 | D:8      | Killed Grum
  7292 | D:8      | Noticed a two-headed ogre
  7329 | D:8      | Killed a two-headed ogre
  7761 | D:8      | Paralysed by a hornet for 3 turns
  7765 | D:8      | Reached XP level 11. HP: 58/87 MP: 19/19
  7994 | D:8      | Found a blossoming altar of Fedhas.
  8059 | D:8      | Found a shattered altar of Ashenzari.
  8612 | D:8      | Reached *** piety under Cheibriados
  8990 | D:9      | Found a staircase to the Orcish Mines.
  9009 | D:9      | Reached skill level 9 in Shields
  9313 | D:9      | Noticed a two-headed ogre
  9332 | D:9      | Killed a two-headed ogre
  9332 | D:9      | Reached skill level 5 in Conjurations
  9332 | D:9      | Reached skill level 5 in Hexes
  9332 | D:9      | Reached skill level 5 in Charms
  9332 | D:9      | Reached skill level 5 in Summonings
  9332 | D:9      | Reached skill level 5 in Necromancy
  9332 | D:9      | Reached skill level 5 in Translocations
  9332 | D:9      | Reached skill level 5 in Transmutations
  9332 | D:9      | Reached skill level 5 in Fire Magic
  9332 | D:9      | Reached skill level 5 in Ice Magic
  9332 | D:9      | Reached skill level 5 in Air Magic
  9332 | D:9      | Reached skill level 5 in Earth Magic
  9332 | D:9      | Reached skill level 5 in Poison Magic
  9344 | D:9      | Found a runed translucent gate.
  9346 | D:9      | Found a runed translucent gate.
  9346 | D:9      | Found an opulent altar of Gozag.
  9347 | D:9      | Found a runed translucent gate.
  9457 | D:9      | Noticed Mrkan's ghost (novice MiAK)
  9484 | D:10     | Entered Level 10 of the Dungeon
  9519 | D:10     | Paralysed by a hornet for 2 turns
  9712 | D:10     | Reached **** piety under Cheibriados
  9918 | D:10     | Found a staircase to the Lair.
  9918 | D:10     | Noticed an oklob plant
  9951 | D:10     | Killed an oklob plant
 10727 | D:11     | Reached ***** piety under Cheibriados
 10790 | D:11     | Noticed a skeletal warrior
 10815 | D:11     | Killed a skeletal warrior
 10820 | D:11     | Noticed a phantasmal warrior
 10835 | D:11     | Killed a phantasmal warrior
 10837 | D:11     | Noticed a manticore
 10842 | D:11     | Killed a manticore
 11019 | D:11     | Noticed a death knight
 11036 | D:11     | Killed a death knight
 11036 | D:11     | Reached XP level 12. HP: 56/96 MP: 22/22
 11080 | D:11     | Noticed a two-headed ogre
 11096 | D:11     | Killed a two-headed ogre
 11139 | D:11     | Found a sparkling altar of Nemelex Xobeh.
 11704 | Lair:1   | Entered Level 1 of the Lair of Beasts
 13283 | Lair:2   | Found a staircase to the Swamp.
 14076 | Lair:2   | Reached skill level 10 in Fighting
 14076 | Lair:2   | Reached skill level 10 in Armour
 14076 | Lair:2   | Reached skill level 10 in Shields
 14085 | Lair:2   | Reached ****** piety under Cheibriados
 14622 | Lair:3   | Reached XP level 13. HP: 75/103 MP: 24/24
 14793 | Lair:3   | Identified a scroll of acquirement
 14794 | Lair:3   | Got a pair of pitted gloves
 14800 | Lair:3   | Identified the +5 pair of gloves of Pobbewef {rPois rN+
                  | Str-5} (You acquired it on level 3 of the Lair of Beasts)
 16238 | Lair:4   | Found a hole to the Spider Nest.
 16473 | Lair:4   | Got a bound ivory ring
 16487 | Lair:4   | Identified the ring of Impatience {rC- MR+++ Str-4 Int+8
                  | Stlth-} (You found it on level 4 of the Lair of Beasts)
 16835 | Lair:4   | Found a runed translucent door.
 16837 | Lair:4   | Noticed Ceyroiss's ghost (journeyman HuWn)
 17037 | Lair:5   | Found a frozen archway.
 17060 | IceCv    | Entered an ice cave
 17322 | IceCv    | Noticed an ice dragon
 17322 | IceCv    | Noticed an ice dragon
 17332 | IceCv    | Killed an ice dragon
 17335 | IceCv    | Killed an ice dragon
 17484 | IceCv    | Learned a level 4 spell: Olgreb's Toxic Radiance
 17822 | Lair:5   | Reached XP level 14. HP: 111/111 MP: 26/26
 18200 | Lair:5   | Found an opulent altar of Gozag.
 18353 | Lair:5   | Reached skill level 10 in Polearms
 18423 | Lair:5   | Got a jewelled scale mail
 18496 | Lair:5   | Identified the +1 scale mail of a bazaar {Int+5 Dex+2} (You
                  | found it on level 5 of the Lair of Beasts)
 18531 | Lair:5   | Found a transporter.
 18531 | Lair:5   | You fall into a shaft and drop 1 floor!
 18531 | Lair:6   | Entered Level 6 of the Lair of Beasts
 18563 | Lair:5   | Found a transporter.
 18563 | Lair:5   | Noticed Bolunijamo's ghost (journeyman GnFi)
 18742 | Lair:5   | Noticed Josephine
 18751 | Lair:5   | Killed Josephine
 18863 | Lair:5   | Reached skill level 11 in Shields
 19364 | Lair:5   | Learned a level 3 spell: Mephitic Cloud
 19399 | Lair:5   | Killed Bolunijamo's ghost
 19702 | Lair:6   | Found a shimmering altar of Xom.
 19921 | Lair:6   | Reached skill level 10 in Invocations
 20276 | Lair:6   | Found a staircase to the Slime Pits.
 21175 | D:12     | Reached XP level 15. HP: 118/119 MP: 28/28
 21250 | D:12     | Found a hazy altar of Hepliaklqana.
 22285 | Orc:1    | Entered Level 1 of the Orcish Mines
 22285 | Orc:1    | Found Niraum's Assorted Antiques.
 22355 | Orc:1    | Bought a glowing shield for 262 gold pieces
 22355 | Orc:1    | Bought a scroll of identify for 70 gold pieces
 22504 | Orc:1    | Found a shimmering blue altar of Sif Muna.
 22800 | Orc:1    | Identified Sif Muna's Grimoire of Lightness
 22950 | Orc:2    | Entered Level 2 of the Orcish Mines
 23012 | Orc:2    | Found a staircase to the Elven Halls.
 23109 | Orc:2    | Noticed Snorg
 23116 | Orc:2    | Killed Snorg
 23169 | Orc:2    | Noticed Urug
 23175 | Orc:2    | Killed Urug
 23381 | Orc:2    | Noticed an orc warlord
 23434 | Orc:2    | Killed an orc warlord
 23441 | Orc:2    | Found Xampeg's Antique Armour Boutique.
 23456 | Orc:2    | Found a roughly hewn altar of Beogh.
 23460 | Orc:2    | Found Jangodin's Antique Weapon Shop.
 23516 | Orc:2    | Bought a warped ring mail for 234 gold pieces
 23526 | Orc:2    | Identified the +4 ring mail of the Saviour {+Fly} (You
                  | bought it in a shop on level 2 of the Orcish Mines)
 23665 | Orc:2    | Found a roughly hewn altar of Beogh.
 23696 | Orc:2    | Reached skill level 10 in Short Blades
 23696 | Orc:2    | Reached skill level 10 in Long Blades
 23696 | Orc:2    | Reached skill level 10 in Axes
 23696 | Orc:2    | Reached skill level 10 in Maces & Flails
 23696 | Orc:2    | Reached skill level 10 in Staves
 23696 | Orc:2    | Reached skill level 10 in Slings
 23696 | Orc:2    | Reached skill level 10 in Bows
 23696 | Orc:2    | Reached skill level 10 in Crossbows
 23696 | Orc:2    | Reached skill level 10 in Throwing
 23696 | Orc:2    | Reached skill level 10 in Dodging
 23696 | Orc:2    | Reached skill level 10 in Stealth
 23696 | Orc:2    | Reached skill level 10 in Unarmed Combat
 23696 | Orc:2    | Reached skill level 10 in Spellcasting
 23696 | Orc:2    | Reached skill level 10 in Evocations
 23699 | Orc:2    | Found Zeikur's Antique Weapon Shop.
 23707 | Orc:2    | Bought a bloodstained spear for 232 gold pieces
 23707 | Orc:2    | Identified the +8 spear of Wewnesma {vamp, *Rage Str-5
                  | Dex+9} (You bought it in a shop on level 2 of the Orcish
                  | Mines)
 23771 | Orc:2    | Found a roughly hewn altar of Beogh.
 23861 | Orc:2    | Found a bloodstained altar of Trog.
 23916 | Orc:2    | Found a roughly hewn altar of Beogh.
 23980 | Orc:2    | Found a runed translucent gate.
 23980 | Orc:2    | Found a runed translucent gate.
 23983 | Orc:2    | Found a runed translucent gate.
 23983 | Orc:2    | Noticed peeb's ghost (journeyman KoBe)
 23986 | Orc:2    | Identified the +8 demon whip of the Puffin {pain, Fragile
                  | Dex+2 Stlth+}
 23986 | Orc:2    | Identified the +8 plate armour of the Eight Boll Weevils
                  | {rF+ rC+++ Int-4 Slay+2}
 23986 | Orc:2    | Identified the +3 shield of the Cockroach {SInv}
 23986 | Orc:2    | Noticed an orc warlord
 23994 | Orc:2    | Identified the +2 great sword "Jellybane" {slice, Int+3
                  | Dex-2 Stlth+}
 23996 | Orc:2    | Found a roughly hewn altar of Beogh.
 24024 | Orc:2    | Found a roughly hewn altar of Beogh.
 24035 | Orc:2    | Found Vogiref's Assorted Antiques.
 24143 | Orc:2    | Killed an orc warlord
 24160 | Orc:2    | Killed peeb's ghost
 24788 | D:13     | Found a gate to the Vaults.
 24862 | D:13     | Found a runed translucent door.
 24863 | D:13     | Found a shimmering altar of Xom.
 24863 | D:13     | Noticed Dirphi Vium's ghost (journeyman MiBe)
 24884 | D:13     | Killed Dirphi Vium's ghost
 24991 | D:13     | Reached skill level 12 in Shields
 25198 | D:13     | Reached XP level 16. HP: 116/127 MP: 30/30
 26379 | D:15     | Entered Level 15 of the Dungeon
 26903 | D:15     | Found a staircase to the Depths.
 27303 | Swamp:1  | Entered Level 1 of the Swamp
 27332 | Swamp:1  | Found a transporter.
 27337 | Swamp:1  | Found a transporter.
 27369 | Swamp:1  | Paralysed by a hornet for 3 turns
 27486 | Swamp:1  | Identified a +0 pair of boots of running (You found it on
                  | level 1 of the Swamp)
 28680 | Swamp:2  | Found a shimmering altar of Xom.
 28843 | Swamp:2  | Learned a level 2 spell: Blink
 28952 | Swamp:2  | Found a runed translucent gate.
 28953 | Swamp:2  | Found a runed translucent gate.
 29148 | Swamp:2  | Found a runed translucent gate.
 29150 | Swamp:2  | Noticed Matygoc's ghost (adept HaSk)
 29150 | Swamp:2  | Noticed Suryr's ghost (adept GnWz)
 29150 | Swamp:2  | Noticed Gokhumny's ghost (adept GnFi)
 29150 | Swamp:2  | Noticed Keoguots's ghost (adept GnSk)
 29181 | Swamp:2  | Killed Suryr's ghost
 29188 | Swamp:2  | Killed Matygoc's ghost
 29188 | Swamp:2  | Reached XP level 17. HP: 126/135 MP: 32/32
 29197 | Swamp:2  | Killed Keoguots's ghost
 29211 | Swamp:2  | Killed Gokhumny's ghost
 29501 | Swamp:3  | Noticed Nikola
 29892 | Swamp:3  | Noticed Jorgrun
 29906 | Swamp:3  | Killed Jorgrun
 29953 | Swamp:3  | Found a stormy altar of Qazlal.
 30089 | Swamp:3  | Killed Nikola
 30779 | Spider:1 | Entered Level 1 of the Spider Nest
 30782 | Spider:1 | Noticed Donald
 30788 | Spider:1 | Killed Donald
 31490 | Spider:1 | Learned a level 3 spell: Conjure Flame
 31568 | Spider:1 | Noticed Agnes
 31578 | Spider:1 | Killed Agnes
 31606 | Spider:1 | Found a transporter.
 31890 | Spider:1 | You fall into a shaft and drop 1 floor!
 31917 | Spider:1 | Reached skill level 13 in Shields
 32208 | Spider:1 | Found a transporter.
 32532 | Spider:1 | Got a vibrating platinum ring
 32546 | Spider:1 | Got a vibrating turquoise ring
 32548 | Spider:1 | Identified the ring "Leliedi" {+Fly rPois rC- MR++ Stlth+}
                  | (You found it on level 1 of the Spider Nest)
 32550 | Spider:1 | Identified the ring of Miracles {rF+ rN+ MR- MP+9 Dex+8}
                  | (You found it on level 1 of the Spider Nest)
 33078 | Spider:2 | Reached skill level 10 in Conjurations
 33078 | Spider:2 | Reached skill level 10 in Hexes
 33078 | Spider:2 | Reached skill level 10 in Charms
 33078 | Spider:2 | Reached skill level 10 in Summonings
 33078 | Spider:2 | Reached skill level 10 in Necromancy
 33078 | Spider:2 | Reached skill level 10 in Translocations
 33078 | Spider:2 | Reached skill level 10 in Transmutations
 33078 | Spider:2 | Reached skill level 10 in Fire Magic
 33078 | Spider:2 | Reached skill level 10 in Ice Magic
 33078 | Spider:2 | Reached skill level 10 in Air Magic
 33078 | Spider:2 | Reached skill level 10 in Earth Magic
 33078 | Spider:2 | Reached skill level 10 in Poison Magic
 33293 | Spider:2 | Found a transporter.
 33306 | Spider:2 | Noticed Essege's ghost (adept DrCj)
 33348 | Spider:2 | Found a transporter.
 33422 | Spider:2 | Reached XP level 18. HP: 143/143 MP: 33/33
 33673 | Spider:2 | Killed Essege's ghost
 33682 | Spider:2 | Got a pair of brightly glowing gloves
 33690 | Spider:2 | Identified Osotz's Reference Book on Dusty Calling
 33943 | Spider:2 | Learned a level 1 spell: Summon Butterflies
 33949 | Spider:2 | Learned a level 5 spell: Borgnjor's Vile Clutch
 33956 | Spider:2 | Learned a level 6 spell: Statue Form
 33962 | Spider:2 | Learned a level 5 spell: Aura of Abjuration
 33972 | Spider:2 | Identified the +2 pair of gloves of Generosity {SInv} (You
                  | found it on level 2 of the Spider Nest)
 34164 | Spider:3 | Noticed Louise
 34179 | Spider:3 | Killed Louise
 34185 | Spider:3 | Got a bound ivory amulet
 34198 | Spider:3 | Identified the amulet of Jimef {Gourm Str+2 Dex+4} (You
                  | found it on level 3 of the Spider Nest)
 34794 | Spider:3 | Found a roughly hewn altar of Beogh.
 35200 | Elf:1    | Entered Level 1 of the Elven Halls
 36373 | Elf:2    | Reached XP level 19. HP: 112/151 MP: 35/35
 36962 | Elf:2    | Found a runed translucent gate.
 36962 | Elf:2    | Found a runed translucent gate.
 36962 | Elf:2    | Found a runed translucent gate.
 37681 | Swamp:4  | Entered Level 4 of the Swamp
 37707 | Swamp:4  | Noticed Bai Suzhen
 37729 | Swamp:4  | Killed Bai Suzhen
 37729 | Swamp:4  | Reached skill level 14 in Shields
 37795 | Swamp:4  | Noticed Mara
 37798 | Swamp:4  | Noticed Thantalas's illusion
 37976 | Swamp:4  | Noticed Thantalas's illusion
 37984 | Swamp:4  | Killed Mara
 38398 | Swamp:4  | Noticed the 27-headed Lernaean hydra
 38411 | Swamp:4  | Killed the 27-headed Lernaean hydra
 38440 | Swamp:4  | Reached XP level 20. HP: 92/159 MP: 32/36
 38644 | Swamp:4  | Got a decaying rune of Zot
 39323 | Spider:4 | Entered Level 4 of the Spider Nest
 40546 | Spider:4 | Got a gossamer rune of Zot
 40993 | Vaults:1 | Entered Level 1 of the Vaults
 41177 | Vaults:1 | Found Onka's Armour Boutique.
 42333 | Vaults:2 | You fall into a shaft and drop 2 floors!
 42657 | Vaults:3 | Reached XP level 21. HP: 166/166 MP: 38/38
 43556 | Vaults:2 | Reached skill level 15 in Fighting
 43556 | Vaults:2 | Reached skill level 15 in Armour
 43556 | Vaults:2 | Reached skill level 15 in Shields
 43996 | Vaults:2 | Reached skill level 15 in Invocations
 44197 | Vaults:3 | Found a staircase to the Crypt.
 44197 | Vaults:3 | Found a basalt altar of Yredelemnul.
 44198 | Vaults:3 | Found an ancient bone altar of Kikubaaqudgha.
 44328 | Vaults:3 | You fall into a shaft and drop 1 floor!
 44570 | Vaults:3 | Found the +3 warlock's mirror {reflect}
 44968 | Vaults:4 | Reached XP level 22. HP: 160/175 MP: 40/40
 46294 | Depths:1 | Entered Level 1 of the Depths
 46353 | Depths:1 | Found an opulent altar of Gozag.
 46798 | Depths:1 | Found an iron altar of Okawaru.
 46824 | Depths:1 | Found a one-way gate leading to the halls of Pandemonium.
 46938 | Depths:1 | Found a gateway to a ziggurat.
 46944 | Depths:1 | Reached skill level 15 in Polearms
 47199 | Depths:1 | Found a gateway to Hell.
 47443 | Depths:2 | Got a fine trident
 47444 | Depths:2 | Identified the +7 trident of Tartarus {flame, rF+ MR++
                  | Int+3 Dex-3} (You found it on level 2 of the Depths)
 47899 | Depths:2 | Learned a level 3 spell: Regeneration
 47926 | Depths:2 | Noticed a golden dragon
 47931 | Depths:2 | Killed a golden dragon
 47994 | Depths:2 | Got a crude pewter ring
 47995 | Depths:2 | Identified the ring "Qaeg" {rN+ MP+9} (You found it on
                  | level 2 of the Depths)
 48012 | Depths:2 | Noticed a caustic shrike
 48018 | Depths:2 | Killed a caustic shrike
 48043 | Depths:2 | Found a shattered altar of Ashenzari.
 48050 | Depths:2 | Got a dazzling chain mail
 48051 | Depths:2 | Identified the +3 chain mail of the Leaf {*Slow Int+7} (You
                  | found it on level 2 of the Depths)
 48100 | Depths:2 | Got a shimmering pewter ring
 48101 | Depths:2 | Identified the ring of Jesto {rN+ MR- Int+6} (You found it
                  | on level 2 of the Depths)
 48129 | Depths:2 | Noticed Margery
 48137 | Depths:2 | Killed Margery
 48152 | Depths:2 | Reached XP level 23. HP: 183/183 MP: 15/41
 48187 | Depths:2 | Found a glowing silver altar of Zin.
 48232 | Depths:2 | Got a steaming jade ring
 48233 | Depths:2 | Identified the ring "Vuekah" {*Contam rPois Dex+2 Stlth-}
                  | (You found it on level 2 of the Depths)
 48253 | Depths:2 | Paralysed by a floating eye for 2 turns
 48458 | Depths:2 | Noticed Sojobo
 48476 | Depths:2 | Killed Sojobo
 48915 | D:10     | Learned a level 5 spell: Bolt of Magma
 48922 | D:10     | Learned a level 6 spell: Iron Shot
 48930 | D:10     | Learned a level 7 spell: Spellforged Servitor
 49178 | Depths:3 | Reached skill level 16 in Shields
 49179 | Depths:3 | HP: 11/239 [stone giant/large rock (32)]
 49648 | Depths:3 | Reached skill level 15 in Short Blades
 49648 | Depths:3 | Reached skill level 15 in Long Blades
 49648 | Depths:3 | Reached skill level 15 in Axes
 49648 | Depths:3 | Reached skill level 15 in Maces & Flails
 49648 | Depths:3 | Reached skill level 15 in Staves
 49648 | Depths:3 | Reached skill level 15 in Slings
 49648 | Depths:3 | Reached skill level 15 in Bows
 49648 | Depths:3 | Reached skill level 15 in Crossbows
 49648 | Depths:3 | Reached skill level 15 in Throwing
 49648 | Depths:3 | Reached skill level 15 in Dodging
 49648 | Depths:3 | Reached skill level 15 in Stealth
 49648 | Depths:3 | Reached skill level 15 in Unarmed Combat
 49648 | Depths:3 | Reached skill level 15 in Spellcasting
 49648 | Depths:3 | Reached skill level 15 in Evocations
 49671 | Depths:3 | Learned a level 1 spell: Magic Dart
 50114 | Depths:3 | Identified the Reference Book on Creative Bewitchment
 50137 | Depths:3 | Found a shimmering blue altar of Sif Muna.
 50142 | Depths:3 | Noticed an ancient lich
 50150 | Depths:3 | Killed an ancient lich
 50194 | Depths:3 | Got a fine flail
 50195 | Depths:3 | Identified the +7 flail "Cuompuex" {crush, +Blink rN+} (You
                  | found it on level 3 of the Depths)
 50234 | Depths:3 | Reached XP level 24. HP: 191/191 MP: 26/42
 50247 | Depths:3 | Identified Sedom's Catalogue of Snow
 50249 | Depths:3 | Identified the Reference Book on the Voyage
 50266 | Depths:3 | Identified the Volume of Dislocation and Darkness
 50268 | Depths:3 | Identified the Handbook of the Voyage
 51047 | Depths:4 | Found Unaenosk's Armour Shoppe.
 51059 | Depths:4 | Found Puixeduc's Weapon Emporium.
 51072 | Depths:4 | Found Guzeipp's Weapon Shoppe.
 51491 | Depths:4 | Found a one-way gate to the infinite horrors of the Abyss.
 51873 | Depths:5 | Entered Level 5 of the Depths
 52872 | Depths:5 | Found a gate to the Realm of Zot.
 53534 | Elf:3    | Entered Level 3 of the Elven Halls
 54013 | Elf:3    | Identified the +6 mace of the Imperium {flame, rF+ Int+4
                  | Dex+4}
 54013 | Elf:3    | Identified the +3 robe of Impatience {rPois rN++ MP+9
                  | Dex-4}
 54022 | Elf:3    | Reached XP level 25. HP: 200/200 MP: 19/42
 54160 | Elf:3    | Found the +4 robe of Augmentation {Str+4 Int+4 Dex+4}
 54170 | Elf:3    | Identified the ring of the Foremost Lovers {rN+ MR+ Int+2
                  | Dex-4 SInv}
 54209 | Elf:3    | Got a crude ring mail
 54211 | Elf:3    | Got a pair of ancient boots
 54231 | Elf:3    | Got a brightly glowing arbalest
 54249 | Elf:3    | Identified the +2 pair of boots "Rurocuh" {rPois} (You
                  | found it on level 3 of the Elven Halls)
 54261 | Elf:3    | Identified the cursed +0 ring mail of Onusmoolo {rN+
                  | Regen+} (You found it on level 3 of the Elven Halls)
 54262 | Elf:3    | Identified the +2 arbalest of Dismay {velocity, *Drain
                  | Int+4 Dex+4 SInv} (You found it on level 3 of the Elven
                  | Halls)
 54694 | Elf:3    | Got a bound bronze amulet
 54695 | Elf:3    | Identified the amulet "Hedysch" {RegenMP Slay+2} (You found
                  | it on level 3 of the Elven Halls)
 54701 | Elf:3    | Identified Kajoij's Handbook of Shifting Protection
 54707 | Elf:3    | Got a bloodstained hunting sling
 54710 | Elf:3    | Identified the +6 hunting sling "Dud Cog" {flame, *Drain
                  | Str+4 Dex+4} (You found it on level 3 of the Elven Halls)
 54932 | D:10     | Learned a level 1 spell: Apportation
 54943 | D:10     | Learned a level 8 spell: Ignition
 54953 | D:10     | Learned a level 9 spell: Shatter
 55140 | Vaults:5 | Entered Level 5 of the Vaults
 55141 | Vaults:5 | Reached skill level 17 in Shields
 55197 | Vaults:5 | Identified the +8 dagger "Inetev" {drain, +Blink rF++}
 55534 | Vaults:5 | Reached XP level 26. HP: 198/208 MP: 16/43
 55539 | Vaults:5 | Noticed an ancient lich
 55554 | Vaults:4 | Killed an ancient lich
 55950 | Vaults:5 | Identified the ring of Geec {*Contam rF+ rC+++ rN+ Slay+2}
 55959 | Vaults:5 | Reached skill level 18 in Shields
 56143 | Vaults:5 | Got a silver rune of Zot
 56354 | Vaults:5 | Found Uciywnom's Assorted Antiques.
 56456 | Vaults:5 | Identified Bioco's Grimoire of Fire and the Frostbite
 56981 | Vaults:5 | Found the +2 shield of Resistance {rF+ rC+ MR+}
 56986 | Vaults:5 | Got a faintly glowing long sword
 56987 | Vaults:5 | Identified the +5 long sword of Propriety {venom, rC+
                  | Dex+2} (You found it on level 5 of the Vaults)
 57147 | Vaults:5 | Got a transparent bone ring
 57148 | Vaults:5 | Identified the ring of the King {rC+ Dex+2} (You found it
                  | on level 5 of the Vaults)
 57925 | Zot:1    | Entered Level 1 of the Realm of Zot
 58673 | Zot:2    | Noticed a Killer Klown
 58683 | Zot:2    | Killed a Killer Klown
 59155 | Zot:3    | Reached XP level 27. HP: 217/217 MP: 27/43
 59628 | Zot:3    | You fall into a shaft and drop 1 floor!
 59871 | Zot:3    | Got a twisted leather armour
 59973 | Zot:3    | Identified the cursed +1 leather armour of Disaster {+Blink
                  | rElec rF+} (You found it on level 3 of the Realm of Zot)
 60082 | Zot:4    | Identified the +5 hand axe "Boruefei" {pain, *Corrode rN+
                  | MR+++ Dex+3}
 60100 | Zot:4    | Reached skill level 19 in Shields
 60165 | Zot:4    | Noticed an orb of fire
 60179 | Zot:4    | Killed an orb of fire
 60372 | Zot:4    | Found a runed translucent gate.
 60372 | Zot:4    | Found a runed translucent gate.
 60372 | Zot:4    | Found a runed translucent gate.
 60373 | Zot:4    | Noticed wilo's ghost (master MfBe)
 60405 | Zot:4    | Killed wilo's ghost
 61098 | Crypt:1  | Entered Level 1 of the Crypt
 61411 | Crypt:1  | Found a transporter.
 61437 | Crypt:1  | Reached skill level 15 in Conjurations
 61437 | Crypt:1  | Reached skill level 15 in Hexes
 61437 | Crypt:1  | Reached skill level 15 in Charms
 61437 | Crypt:1  | Reached skill level 15 in Summonings
 61437 | Crypt:1  | Reached skill level 15 in Necromancy
 61437 | Crypt:1  | Reached skill level 15 in Translocations
 61437 | Crypt:1  | Reached skill level 15 in Transmutations
 61437 | Crypt:1  | Reached skill level 15 in Fire Magic
 61437 | Crypt:1  | Reached skill level 15 in Ice Magic
 61437 | Crypt:1  | Reached skill level 15 in Air Magic
 61437 | Crypt:1  | Reached skill level 15 in Earth Magic
 61437 | Crypt:1  | Reached skill level 15 in Poison Magic
 61805 | Crypt:1  | Found a transporter.
 61856 | Crypt:1  | Noticed an ancient lich
 61862 | Crypt:1  | Noticed an ancient lich
 62237 | Crypt:1  | Killed an ancient lich
 62240 | Crypt:1  | Killed an ancient lich
 62268 | Crypt:1  | Got a heavily runed marble ring
 62272 | Crypt:1  | Identified the ring "Kowackong" {Int+6 SInv} (You found it
                  | on level 1 of the Crypt)
 62411 | Crypt:1  | Identified the Tome of Shape Shifting and Malediction
 62419 | Crypt:1  | Got a steaming glass ring
 62420 | Crypt:1  | Identified the ring of Weovihut {*Corrode +Inv rF+++ rC+
                  | Int+4} (You found it on level 1 of the Crypt)
 62563 | Crypt:2  | Got a crystal battleaxe
 62564 | Crypt:2  | Identified the +3 battleaxe of Disembowelment {speed, rElec
                  | rPois Stlth+} (You found it on level 2 of the Crypt)
 62679 | Crypt:2  | Found a runed translucent door.
 62679 | Crypt:2  | Found a shimmering altar of Xom.
 62679 | Crypt:2  | Noticed Waammiq's ghost (veteran GrEE)
 62728 | Crypt:2  | Killed Waammiq's ghost
 62849 | Crypt:2  | Got an encrusted scale mail
 62850 | Crypt:2  | Identified the cursed +1 scale mail "Ifioraclei" {Str+3
                  | Int+4} (You found it on level 2 of the Crypt)
 63114 | Crypt:2  | Got an encrusted helmet
 63115 | Crypt:2  | Identified the -1 helmet "Oheib" {rCorr Str+5 Dex-2 Slay+2}
                  | (You found it on level 2 of the Crypt)
 63365 | Crypt:2  | Reached skill level 20 in Shields
 63827 | Crypt:3  | Entered Level 3 of the Crypt
 64137 | Crypt:3  | Found a staircase to the Tomb.
 64313 | Crypt:3  | Identified the Compendium of Dark Arts
 64355 | Crypt:3  | Learned a level 4 spell: Summon Lightning Spire
 64746 | Crypt:3  | Found an ancient bone altar of Kikubaaqudgha.
 64746 | Crypt:3  | Noticed an ancient lich
 64748 | Crypt:3  | Noticed an ancient lich
 64751 | Crypt:3  | Killed an ancient lich
 64755 | Crypt:3  | Killed an ancient lich
 66056 | Depths:4 | Voluntarily entered the Abyss.
 66364 | Abyss:4  | Paralysed by accursed screaming for 1 turns
 66392 | Abyss:4  | Got an abyssal rune of Zot
 66530 | Depths:4 | Escaped the Abyss
 66928 | Slime:1  | Entered Level 1 of the Pits of Slime
 67420 | Slime:4  | Gained mutation: You are weak. (Str -2) [a shining eye]
 67436 | Slime:4  | Gained mutation: You are robust. (+10% HP) [a shining eye]
 67499 | Slime:5  | Entered Level 5 of the Pits of Slime
 67600 | Slime:5  | Lost mutation: You are robust. (+10% HP) [potion of
                  | mutation]
 67600 | Slime:5  | Lost mutation: You are weak. (Str -2) [potion of mutation]
 67600 | Slime:5  | Gained mutation: Your mind is acute. (Int +2) [potion of
                  | mutation]
 67600 | Slime:5  | Gained mutation: Your body sometimes deteriorates upon
                  | taking damage. [potion of mutation]
 67600 | Slime:5  | Gained mutation: You occasionally shout uncontrollably at
                  | your foes. [potion of mutation]
 67600 | Slime:5  | Gained mutation: You are somewhat resistant to further
                  | mutation. [potion of mutation]
 67601 | Slime:5  | Lost mutation: You are somewhat resistant to further
                  | mutation. [potion of mutation]
 67601 | Slime:5  | Lost mutation: You occasionally shout uncontrollably at
                  | your foes. [potion of mutation]
 67601 | Slime:5  | Gained mutation: You occasionally shout uncontrollably at
                  | your foes. [potion of mutation]
 67601 | Slime:5  | Gained mutation: Armour fits poorly on your strangely
                  | shaped body. [potion of mutation]
 67601 | Slime:5  | Gained mutation: Your magical capacity is low. (-10% MP)
                  | [potion of mutation]
 67601 | Slime:5  | Gained mutation: You are agile. (Dex +2) [potion of
                  | mutation]
 67602 | Slime:5  | Lost mutation: Your magical capacity is low. (-10% MP)
                  | [potion of mutation]
 67602 | Slime:5  | Lost mutation: You are agile. (Dex +2) [potion of mutation]
 67602 | Slime:5  | Lost mutation: Armour fits poorly on your strangely shaped
                  | body. [potion of mutation]
 67602 | Slime:5  | Lost mutation: Your body sometimes deteriorates upon taking
                  | damage. [potion of mutation]
 67602 | Slime:5  | Gained mutation: You are occasionally teleported next to
                  | monsters. [potion of mutation]
 67602 | Slime:5  | Gained mutation: You have a pair of small antennae on your
                  | head. [potion of mutation]
 67603 | Slime:5  | Lost mutation: You have a pair of small antennae on your
                  | head. [potion of mutation]
 67603 | Slime:5  | Lost mutation: You occasionally shout uncontrollably at
                  | your foes. [potion of mutation]
 67603 | Slime:5  | Gained mutation: You are partially covered in yellow
                  | scales. (AC +2) [potion of mutation]
 67783 | Slime:5  | Noticed the Royal Jelly
 67794 | Slime:5  | Killed the Royal Jelly
 67809 | Slime:5  | Found the +9 sword of Zonguldrok {reap}
 67810 | Slime:5  | Lost mutation: Your mind is acute. (Int +2) [a shining eye]
 67813 | Slime:5  | Gained mutation: You are dopey. (Int -2) [a shining eye]
 67818 | Slime:5  | Gained mutation: Your magical capacity is low. (-10% MP) [a
                  | shining eye]
 67850 | Slime:5  | Got a tattered robe
 67851 | Slime:5  | Identified the +5 robe "Gomynn" {Int+2} (You found it on
                  | level 5 of the Pits of Slime)
 67852 | Slime:5  | Identified the Tome of Flying Protection
 67862 | Slime:5  | Learned a level 6 spell: Deflect Missiles
 67883 | Slime:5  | Identified Jeuhagib's Advanced Steps in Sorcery
 67896 | Slime:5  | Got an ancient leather armour
 67900 | Slime:5  | Got a pair of jewelled gloves
 67901 | Slime:5  | Identified the cursed +0 pair of gloves "Sowyfaq" {+Blink
                  | rC+ rN+ Int+3} (You found it on level 5 of the Pits of
                  | Slime)
 67902 | Slime:5  | Identified the +0 leather armour of Moibua {rC+} (You found
                  | it on level 5 of the Pits of Slime)
 67916 | Slime:5  | Got an ancient great mace
 67919 | Slime:5  | Identified the +9 great mace of Tuvi {holy, rN+} (You found
                  | it on level 5 of the Pits of Slime)
 67941 | Slime:5  | Got a warped battleaxe
 67942 | Slime:5  | Identified the +8 battleaxe of Nemelex Xobeh's Anger
                  | {antimagic, Dex+3} (You found it on level 5 of the Pits of
                  | Slime)
 67952 | Slime:5  | Got a serpentine diamond amulet
 67968 | Slime:5  | Got a slimy rune of Zot
 67969 | Slime:5  | Identified the amulet of Rur Sifawke {Harm *Drain +Blink
                  | +Fly rC-} (You found it on level 5 of the Pits of Slime)
 68524 | Zot:5    | Entered Level 5 of the Realm of Zot
 68686 | Zot:5    | Reached skill level 21 in Shields
 68979 | Zot:5    | Noticed an orb of fire
 68979 | Zot:5    | Noticed an ancient lich
 68991 | Zot:5    | Gained mutation: You are very dopey. (Int -4) [an orb of
                  | fire]
 68994 | Zot:5    | Killed an ancient lich
 69001 | Zot:5    | Noticed an ancient lich
 69003 | Zot:5    | Gained mutation: Your body sometimes deteriorates upon
                  | taking damage. [an orb of fire]
 69010 | Zot:5    | Noticed an ancient lich
 69014 | Zot:5    | Noticed an ancient lich
 69016 | Zot:5    | Killed from afar by an ancient lich

Levels and vault maps discovered:
D:1:      nagdon_arrival_double_spiral, layout_loops_cross,
          minmay_tiny_reverse_x
D:2:      kennysheep_the_goblin_king, layout_basic, first_ration,
          nicolae_qazlal_style_of_elements
D:3:      layout_loops_corners
D:4:      minmay_chambers_of_twos, layout_basic, grunt_decor_mini_mirrors,
          uniq_robin
D:5:      layout_loops_cross
D:6:      layout_rooms, serial_rivers, chequers_serial_rivers_micro_b,
          chequers_serial_rivers_room_b, chequers_serial_rivers_small_a,
          chequers_serial_rivers_micro_e, uniq_prince_ribbit1,
          uniq_blork_the_orc
D:7:      layout_loops_ring, minmay_temple_entry_mist, minivault_10,
          grunt_livestock, uniq_harold
D:8:      layout_gridville, overflow_temple_1_default,
          fedhas_altar_decomposition, uniq_grum
D:9:      layout_stronghold, erik_orc_3, ebering_ghost_gozag
D:10:     layout_roguey, dpeg_oklobed_lair
D:11:     layout_loops_ring, gauntlet_entry_generic,
          nemelex_xobeh_ov_fountains_minmay
D:12:     layout_grid_maze, basic_altar
D:13:     layout_loops_ring, skrybe_vaults_entry_preservation,
          ebering_ghost_xom, special_room [special_room_bee]
D:14:     layout_loops_ring, kennysheep_donut
D:15:     gammafunk_enter_depths_forms, layout_cave_pools,
          serial_co_window_serial, co_window_paths_a,
          co_window_of_opportunity_a, co_window_corner_a, co_window_corner_a,
          co_window_paths_a, co_window_corner_a, co_window_paths_a,
          co_window_2corner, co_window_corner_ca, co_window_paths_c,
          co_window_2corner, co_window_paths_c, co_window_paths_e,
          minmay_misc_feat_tiny
Temple:   minmay_crystal_snake_temple
Lair:1:   layout_layer_cave
Lair:2:   layout_regular_city, swamp_mist
Lair:3:   layout_cave_pods, infiniplex_staircase_pool_2
Lair:4:   layout_loops_ring, spider_nest_entry_rubble,
          ebering_ghost_reflecting_pool, lemuel_fruit_tree
Lair:5:   lemuel_slime, layout_gridlike, basic_altar,
          portal_ice_cave_entry_ice_beasts, gammafunk_ghost_arena,
          grunt_megastairs_3, uniq_josephine
Lair:6:   gammafunk_lair_ancient_temple, layout_small_grid,
          nicolae_slime_entry_slimehenge, basic_altar,
          minmay_stone_trees_medium, st_stairs_11
Swamp:1:  gammafunk_the_bubble [the_bubble_gammafunk_split], layout_falls_marsh,
          evilmike_swamp_ruin_house_6, swamp_pool4, st_swamp_ruins_3
Swamp:2:  layout_basic_swamp, gammafunk_ghost_cemetery, nicolae_swamp_godswood
Swamp:3:  layout_falls_marsh, basic_altar, uniq_nikola, uniq_jorgrun
Swamp:4:  swamp_old_school, layout_basic_swamp, uniq_mara, uniq_bai_suzhen
Spider:1: gammafunk_its_a_trap, uniq_agnes, uniq_donald
Spider:2: layout_spider_delve, gammafunk_ghost_berserking_beasts, drop_trap,
          spiders_nest_spider_trap
Spider:3: nicolae_spider_mines_2, uniq_louise
Spider:4: floodkiller_spider_rune_tomb
Slime:1:  layout_caves
Slime:2:  layout_caves
Slime:3:  layout_caves
Slime:4:  layout_caves
Slime:5
Orc:1:    layout_caves, serial_shops, shop, led_sif_book
Orc:2:    grunt_orc_community_town_hall, layout_diamond_mine,
          grunt_orc_community_big_house_1, grunt_orc_community_big_house_2,
          grunt_orc_community_house_2, grunt_orc_community_house_3,
          grunt_orc_community_house_2, grunt_orc_community_house_2,
          grunt_orc_community_house_2, grunt_orc_community_house_1,
          biasface_ghost_orc_armoury, trog_book, uniq_urug, uniq_snorg
Elf:1:    eino_elf_arrival_the_gate, layout_loops_corners,
          hangedman_elf_disciples, nrook_mini_backslash
Elf:2:    layout_gridlike
Elf:3:    elf_hall, layout_geoelf_diagonals, drop_trap
Vaults:1: hangedman_vaults_nails, v_misc_14, hangedman_vaults_snaps,
          nicolae_vaults_mini_display_case, nicolae_vaults_circle_grid_b,
          vaults_room_ringed_pool, ontoclasm_vaults_ring_small,
          ontoclasm_vaults_idyll, vaults_dpeg_encased_lava,
          ontoclasm_vaults_loading_screen, v_misc_4, nicolae_vaults_rhombus_6,
          nicolae_vaults_yaktaur_gun_rack,
          vaults_standard_mumra_enter_the_diamond, layout_vaults_omnicross,
          serial_shops, nicolae_shop_crystal
Vaults:2: v_misc_1, vaults_dpeg_cross, nicolae_vaults_rhombus_7, v_misc_26,
          vaults_dpeg_ring, ontoclasm_vaults_claustrophobia, v_pattern_4,
          ontoclasm_vaults_eye, nicolae_vaults_murderbox, v_misc_13, v_misc_26,
          vaults_dpeg_hooks, ontoclasm_vaults_pinch, layout_vaults_big_room
Vaults:3: vaults_room_hangedman_quadrants, hangedman_vaults_nodes,
          nicolae_vaults_little_squares_2, ontoclasm_vaults_shuriken,
          vaults_mumra_lcd, minmay_crypt_entry_necro_gods,
          hangedman_vaults_cutoff, v_misc_3, grunt_vaults_funnel,
          nicolae_vaults_big_ls, layout_vaults_quadrants
Vaults:4: v_misc_28, v_misc_13, nicolae_vaults_network_barrier,
          hangedman_vaults_impose, vaults_room_door_hall,
          nicolae_vaults_shelves_hall, nicolae_vaults_triangles,
          nicolae_vaults_network_square, nicolae_vaults_circle_grid_a,
          ontoclasm_vaults_ligature, nicolae_vaults_puzzle_piece,
          nicolae_vaults_specimen_jars, nicolae_vaults_little_squares_3,
          layout_vaults_ring
Vaults:5
Crypt:1:  gammafunk_dig_for_victory, layout_regular_city,
          grunt_crypt_arrival_split
Crypt:2:  layout_gridlike, ebering_ghost_xom, grunt_megastairs_1
Crypt:3:  quadcrypt_mu
Depths:1: layout_gridlike, enter_ziggurat_f, pf_hell_entry_tar_spiral,
          pan_entry, st_stairs_2, drop_trap, hex_intersection,
          minmay_crystal_water, grunt_ministairs_3, hangedman_feature_mirror,
          onia_ninara_cookie
Depths:2: hangedman_spin_cycle, hell_entry, pan_entry
Depths:3: evilmike_library_of_no_secrets, layout_cave_pools, hell_entry,
          serial_sigils_hangedman_snap, pan_entry,
          minmay_misc_feat_secret_circle
Depths:4: lemuel_flame_loot_2, layout_gridlike, grunt_hell_entry_dis_old,
          dk_noncrumbling_4, abyss_entry, minmay_shop_star,
          infiniplex_staircase_river, serial_bayou_shore_b
Depths:5: lemuel_castle_with_subvaults [lemuel_castle_interior_carwin_1],
          layout_basic, grunt_mini_vestibule, pan_entry
Zot:1:    layout_onion_interference, grunt_ministairs_6
Zot:2:    layout_misc_corridors
Zot:3:    layout_gridlike, hangedman_hellfire_club
Zot:4:    layout_basic, gammafunk_ghost_split, hangedman_elemental_grid_stream
Zot:5:    layout_basic, bh_zot_lava_cross

Skill      XL: |  1  2  3  4  5  6  7  8  9 10 11 12 13 14 15 16 17 18 19 20 21 22 23 24 25 26 27 |
---------------+----------------------------------------------------------------------------------+-----
Invocations    | 1 2 3 4 5 6 7 8 9 10 11 12 13 14 15 16 17 18 19 | 19.9
Short Blades   | 1 2 3 4 5 6 7 8 9 10 11 12 13 14 15 16 18 | 18.5
Long Blades    | 1 2 3 4 5 6 7 8 9 10 11 12 13 14 15 16 18 | 18.5
Axes           | 1 2 3 4 5 6 7 8 9 10 11 12 13 14 15 16 18 | 18.5
Maces & Flails | 1 2 3 4 5 6 7 8 9 10 11 12 13 14 15 16 18 | 18.5
Staves         | 1 2 3 4 5 6 7 8 9 10 11 12 13 14 15 16 18 | 18.5
Slings         | 1 2 3 4 5 6 7 8 9 10 11 12 13 14 15 16 18 | 18.5
Bows           | 1 2 3 4 5 6 7 8 9 10 11 12 13 14 15 16 18 | 18.5
Crossbows      | 1 2 3 4 5 6 7 8 9 10 11 12 13 14 15 16 18 | 18.5
Throwing       | 1 2 3 4 5 6 7 8 9 10 11 12 13 14 15 16 18 | 18.5
Dodging        | 1 2 3 4 5 6 7 8 9 10 11 12 13 14 15 16 18 | 18.5
Stealth        | 1 2 3 4 5 6 7 8 9 10 11 12 13 14 15 16 18 | 18.5
Unarmed Combat | 1 2 3 4 5 6 7 8 9 10 11 12 13 14 15 16 18 | 18.5
Spellcasting   | 1 2 3 4 5 6 7 8 9 10 11 12 13 14 15 16 18 | 18.5
Evocations     | 1 2 3 4 5 6 7 8 9 10 11 12 13 14 15 16 19 | 19.6
Conjurations   | 1 2 3 4 5 6 7 8 9 10 11 12 13 14 16 | 16.0
Hexes          | 1 2 3 4 5 6 7 8 9 10 11 12 13 14 16 | 16.0
Charms         | 1 2 3 4 5 6 7 8 9 10 11 12 13 14 16 | 16.0
Summonings     | 1 2 3 4 5 6 7 8 9 10 11 12 13 14 16 | 16.0
Necromancy     | 1 2 3 4 5 6 7 8 9 10 11 12 13 14 16 | 16.0
Translocations | 1 2 3 4 5 6 7 8 9 10 11 12 13 14 16 | 16.0
Transmutations | 1 2 3 4 5 6 7 8 9 10 11 12 13 14 16 | 16.0
Fire Magic     | 1 2 3 4 5 6 7 8 9 10 11 12 13 14 16 | 16.0
Ice Magic      | 1 2 3 4 5 6 7 8 9 10 11 12 13 14 16 | 16.0
Air Magic      | 1 2 3 4 5 6 7 8 9 10 11 12 13 14 16 | 16.0
Earth Magic    | 1 2 3 4 5 6 7 8 9 10 11 12 13 14 16 | 16.0
Poison Magic   | 1 2 3 4 5 6 7 8 9 10 11 12 13 14 16 | 16.0
Polearms       | 5 6 7 8 9 10 11 12 13 14 15 16 17 18 | 18.9
Fighting       | 7 8 9 10 11 12 13 14 15 16 17 19 | 19.3
Armour         | 7 8 9 10 11 12 13 14 15 16 17 19 | 19.3
Shields        | 7 8 9 10 11 12 13 14 15 16 17 18 21 | 21.2

Action                   |  1- 3 |  4- 6 |  7- 9 | 10-12 | 13-15 | 16-18 | 19-21 | 22-24 | 25-27 || total
-------------------------+-------+-------+-------+-------+-------+-------+-------+-------+-------++-------
Melee: Trident           |   108 |   233 |   140 |    41 |   230 |       |       |    11 |       ||   763
       Bite              |     9 |    15 |    97 |   387 |   554 |   275 |   210 |   200 |   266 ||  2013
       Short sword       |       |       |   533 |  1509 |  1640 |    68 |       |       |       ||  3750
       Demon whip        |       |       |       |       |   143 |   615 |       |       |       ||   758
       Spear             |       |       |       |       |    41 |       |       |       |       ||    41
       Demon trident     |       |       |       |       |       |   480 |  1298 |   978 |  1359 ||  4115
Throw: Throwing net      |       |       |     1 |       |       |     1 |       |       |       ||     2
       Javelin           |       |       |       |       |       |       |       |     3 |    12 ||    15
 Cast: Mephitic Cloud    |       |       |       |       |    53 |    26 |     7 |     7 |       ||    93
       Olgreb's Toxic Ra |       |       |       |       |    20 |    31 |    19 |    10 |     1 ||    81
       Borgnjor's Vile C |       |       |       |       |       |     8 |    47 |    35 |    24 ||   114
       Aura of Abjuratio |       |       |       |       |       |       |     2 |     4 |     4 ||    10
       Statue Form       |       |       |       |       |       |       |     1 |    71 |   103 ||   175
       Regeneration      |       |       |       |       |       |       |       |    16 |    45 ||    61
       Spellforged Servi |       |       |       |       |       |       |       |    10 |    33 ||    43
       Ignition          |       |       |       |       |       |       |       |       |    22 ||    22
       Blink             |       |       |       |       |       |       |       |       |     2 ||     2
       Summon Lightning  |       |       |       |       |       |       |       |       |    13 ||    13
       Apportation       |       |       |       |       |       |       |       |       |     6 ||     6
       Summon Butterflie |       |       |       |       |       |       |       |       |     2 ||     2
       Shatter           |       |       |       |       |       |       |       |       |     2 ||     2
       Deflect Missiles  |       |       |       |       |       |       |       |       |     1 ||     1
Invok: Bend Time         |       |       |       |       |       |     1 |       |       |       ||     1
       Slouch            |       |       |       |       |       |     1 |       |       |       ||     1
       Step From Time    |       |       |       |       |       |       |       |     1 |       ||     1
 Abil: End Transformatio |       |       |       |       |       |       |       |     2 |       ||     2
Evoke: Wand              |       |       |     2 |     5 |    10 |    23 |     3 |       |     8 ||    51
       Lamp of fire      |       |       |       |       |       |       |       |       |     3 ||     3
       Lightning rod     |       |       |       |       |       |       |       |       |     2 ||     2
  Use: Scroll            |     5 |     5 |     6 |    15 |    10 |    19 |     6 |    11 |    50 ||   127
       Potion            |       |       |       |     8 |     6 |     7 |     5 |       |    35 ||    61
 Stab: Sleeping          |       |       |     1 |     1 |    12 |     6 |    20 |    38 |    15 ||    93
       Distracted        |       |       |     1 |       |       |     9 |     5 |     8 |    31 ||    54
       Confused          |       |       |     2 |     2 |    84 |    27 |    13 |    17 |     4 ||   149
       Invisible         |       |       |       |       |     6 |       |       |       |       ||     6
       Held in net/web   |       |       |       |       |       |     1 |       |       |       ||     1
  Eat: Chunk             |       |     7 |    11 |    10 |    20 |    18 |    22 |    27 |     6 ||   121
       Ration            |       |       |       |     2 |     1 |     4 |       |       |    12 ||    19
Armor: Scale mail        |    22 |    53 |     1 |       |     4 |       |       |       |       ||    80
       Chain mail        |       |       |   130 |       |       |       |       |     8 |    20 ||   158
       Plate armour      |       |       |    59 |   270 |   146 |   311 |   317 |    44 |       ||  1147
       Ice dragon scales |       |       |       |       |   156 |       |       |       |       ||   156
       Skin              |       |       |       |       |       |       |       |   123 |   302 ||   425
Dodge: Dodged            |    23 |    57 |   141 |   350 |   674 |   586 |   724 |   554 |  1061 ||  4170
Block: Shield            |    41 |   124 |   388 |  1252 |  1845 |  1178 |  1109 |   826 |  1569 ||  8332
       Reflection        |       |       |       |    21 |    31 |    45 |    96 |    74 |    77 ||   344
